 Dungeon Crawl Stone Soup version 0.29-a0-271-gd4eb659eea (webtiles) character file.

Game seed: 6215750524613589350

58 spaghetti the Bolt Thrower (level 3, 34/34 HPs)
             Began as a Deep Dwarf Hunter on Mar 8, 2022.
             Quit the game on level 2 of the Dungeon.
             The game lasted 00:01:28 (1090 turns).

spaghetti the Bolt Thrower (Deep Dwarf Hunter)      Turns: 1090, Time: 00:01:29

Health: 34/34      AC:  3    Str: 17    XL:     3   Next: 76%
Magic:  2/2        EV: 12    Int: 11    God:
Gold:   34         SH:  0    Dex: 13    Spells: 2/2 levels left

rFire   . . .      SeeInvis .   a - +1 hand crossbow {crossbow}
rCold   . . .      Faith    .   (no shield)
rNeg    . . .      Spirit   .   b - +0 leather armour
rPois   .          Reflect  .   (no helmet)
rElec   .          Harm     .   (no cloak)
rCorr   .          Rampage  .   (no gloves)
Will    .....                   (no boots)
Stlth   +.........              (no amulet)
HPRegen 0.00/turn               (no ring)
MPRegen 0.08/turn               (no ring)

@: no status effects
A: damage resistance, heal wounds, sense surroundings 1, no regeneration
a: Heal Wounds


You were on level 2 of the Dungeon.
You visited 1 branch of the dungeon, and saw 2 of its levels.

You collected 34 gold pieces.


Innate Abilities, Weirdness & Mutations

You are resistant to damage.
You can heal yourself by infusing magical energy.
You passively map a small area around you.
You do not regenerate.


   Skills:
 + Level 3.2 Fighting
 - Level 5.0 Crossbows
 - Level 2.1 Dodging
 - Level 1.2 Stealth


You had 2 spell levels left.
You didn't know any spells.
Your spell library contained the following spells:

 Spells                   Type           Power      Damage    Failure   Level
 Blink                    Tloc           0%         N/A       54%         2
 Manifold Assault         Tloc           0%         N/A       100%        5
 Storm Form               Tmut/Air       0%         N/A       100%        7

Inventory:

Hand Weapons
 a - a +1 hand crossbow (weapon) {crossbow}
 i - a +3 short sword {short}
   (You took it off a kobold on level 1 of the Dungeon)
 j - a +1 dagger of freezing {short}
   (You took it off a goblin on level 1 of the Dungeon)
Missiles
 f - 26 stones {throwing}
 h - 4 datura-tipped darts {throwing}
Armour
 b - a +0 leather armour (worn)
Scrolls
 c - a scroll of immolation {!r!r}
 d - a scroll of fear {unknown}
 e - 2 scrolls of identify {unknown}
Potions
 g - a potion of berserk rage {unknown}
 k - a potion of attraction {unknown}

Dungeon Overview and Level Annotations

Branches:
Dungeon (2/15)

Altars:

#............
#........### * ...
#........# ...
.........######## .... *,
................., ...##
#..........########.....
#.#####..#.......#...#
#.# ##.#...>.......#.. *
#.# #.#......@...(..#
#.######.............###
.......#..^.....†.#..#
.......#.........##.....,
.......#................
............#..#........
, .......#.##..#.....###
.* ..........##......###
...>...#............., ,


There were no monsters in sight!


Message History

No target in view!
No target in view!
No target in view!
No target in view!
No target in view!
No target in view!
(D) Dungeon
Where to? (Enter - D:1, ? - help)
You now have 27 gold pieces (gained 7).
Found an escape hatch in the floor.
A bat comes into view.
You shoot a bolt. The bolt closely misses the bat.
You shoot a bolt.
The bolt hits the bat but does no damage.
The bat closely misses you.
You shoot a bolt. The bolt hits the bat.
You kill the bat!
No target in view!
No target in view!
No target in view!
No target in view!
No target in view!
No target in view!
No target in view!
No target in view!
No target in view!
No target in view!
No target in view!
No target in view!
No target in view!
(D) Dungeon
Where to? (Enter - D:1, ? - help)
Things that are here:
a +0 whip {mace}; a kobold corpse
There is a stone staircase leading up here.
You climb upwards.
There is a stone staircase leading down here.
Done exploring.
Done exploring.
No target in view!
Done exploring.
Done exploring.
(D) Dungeon
Where to? (Enter - D:1, ? - help)
You climb downwards.
There is a stone staircase leading up here.
Found a stone staircase leading up.
k - a metallic amethyst potion Key pressed, stopping explore.
No target in view!
No target in view!
No target in view!
No target in view!
No target in view!
No target in view!
No target in view!
Key pressed, stopping explore.
A giant cockroach comes into view.
A giant cockroach is nearby!
You shoot a bolt. The bolt hits the giant cockroach.
You kill the giant cockroach!
No target in view!
No target in view!
No target in view!
No target in view!
No target in view!
No target in view!
No target in view!
No target in view!
No target in view!
No target in view!
l - a scroll labelled IMNEDE UNTEHETACS
There is a shaft here.
You now have 34 gold pieces (gained 7).
A hobgoblin comes into view.
A hobgoblin is nearby!
As you read the scroll labelled IMNEDE UNTEHETACS, it crumbles to dust.
Your body is wracked with pain!
The hobgoblin convulses!
The hobgoblin shouts!
It was a scroll of torment.
You hear a shout! 😮 HP[-10]
You take 10 damage, and now have 18/34 hp.
MASSIVE DAMAGE!! (PAUSE)
You are too injured to fight recklessly!
You are too injured to fight recklessly!
Activating: Heal Wounds (26% risk of failure)
Press: ? - help, Q - select action, (/) - cycle Dir - look around, f - activate Your magical essence is drained by the effort!
You feel much better. 😎 HP[+16] MP[-1]
Your hp is fully restored (34).
Your health is already full.
Unknown command.
Your health is already full.
Unknown command.
Are you sure you want to abandon this character and quit the game? (Confirm with "yes".)
Okay, then.
Are you sure you want to abandon this character and quit the game? (Confirm with "yes".)

Skill      XL: |  1  2  3 |
---------------+----------+-----
Fighting       | 2 3 |  3.2
Crossbows      | 5 |  5.0
Dodging        | |  2.1
Stealth        | |  1.2

Action                   || total
-------------------------++-------
 Fire: Hand crossbow     ||    99
 Abil: Heal Wounds       ||     1
  Use: Scroll            ||     2
Armor: Leather armour    ||    10
Dodge: Dodged            ||    31

Levels and vault maps discovered:
D:1:      dpeg_arrival_fog, layout_basic
D:2:      layout_rooms

Notes
Turn   | Place    | Note
-------+----------+-------------------------------------------
     0 | D:1      | spaghetti the Deep Dwarf Hunter began the quest for the
                  | Orb.
     0 | D:1      | Reached XP level 1. HP: 19/19 MP: 1/1
     0 | D:1      | magus.rc [v1.9.6]
    89 | D:1      | Reached skill level 2 in Fighting
   267 | D:1      | Reached XP level 2. HP: 26/26 MP: 2/2
   530 | D:1      | You add the spells Blink, Manifold Assault and Storm Form
                  | to your library.
   714 | D:1      | Reached skill level 5 in Crossbows
   714 | D:1      | Reached XP level 3. HP: 31/33 MP: 3/3
   954 | D:2      | Reached skill level 3 in Fighting
  1090 | D:2      | Quit the game

Vanquished Creatures
  An adder (D:2)
  4 dart slugs (D:1)
  A ball python (D:2)
  2 giant cockroaches
  6 goblins (D:1)
  7 hobgoblins
  A quokka (D:1)
  3 bats
  5 frilled lizards (D:1)
  5 kobolds
  4 rats (D:1)
39 creatures vanquished.

Table legend:
 A = Non-vault XP
 B = Vault XP
 C = Vault XP percentage of total XP
 D = Non-vault monster count
 E = Vault monster count
 F = Vault count percentage of total count
                 A         B        C        D         E       F
            +---------+---------+-------+---------+---------+-------
      Total |      84 |       0 |   0.0 |      39 |       0 |   0.0
            +---------+---------+-------+---------+---------+-------
        D:1 |      56 |       0 |   0.0 |      30 |       0 |   0.0
        D:2 |      28 |       0 |   0.0 |       9 |       0 |   0.0
            +---------+---------+-------+---------+---------+-------

Illustrated notes

Table legend:
 A = Kills in this place as a percentage of kills in entire the game.
 B = Kills by you in this place as a percentage of kills by you in the entire game.
 C = Kills by friends in this place as a percentage of kills by friends in the entire game.
 D = Other kills in this place as a percentage of other kills in the entire game.
 E = Experience gained in this place as a percentage of experience gained in the entire game.
 F = Experience gained in this place divided by the number of levels of this place that you have seen.
                   A       B       C       D       E      F
               +-------+-------+-------+-------+-------+----------------------
         Total | 100.0 | 100.0 |   N/A |   N/A | 100.0 |  42.0
       Dungeon | 100.0 | 100.0 |   N/A |   N/A | 100.0 |  42.0
               +-------+-------+-------+-------+-------+----------------------

Table legend: (Time is in decaauts)
 A = Elapsed time spent in this place.
 B = Non-inter-level travel time spent in this place.
 C = Inter-level travel time spent in this place.
 D = Time resting spent in this place.
 E = Time spent auto-exploring this place.
 F = Levels seen in this place.
 G = Mean time per level.
                   A        B        C        D        E       F      G
               +--------+--------+--------+--------+--------+-----+--------+
         Total |   1119 |   1055 |     64 |      0 |    862 |   2 |  559.5 |
       Dungeon |   1119 |   1055 |     64 |      0 |    862 |   2 |  559.5 |
               +--------+--------+--------+--------+--------+-----+--------+

Top non-repeatable levels by time:
     D:1: 878 daAuts
     D:2: 241 daAuts
